 Dungeon Crawl Stone Soup version 0.30-b1-2-g02819fbbbe (webtiles) character file.

Game seed: 9363989346658957455

47060 Hedron the Tortoise (level 14, 0/132 HPs)
             Began as a Hill Orc Berserker on Nov 11, 2023.
             Was a High Priest of Trog.
             Slain by a death yak simulacrum (37 damage)
             ... on level 3 of the Lair of Beasts on Nov 12, 2023.
             The game lasted 00:37:51 (18078 turns).

Hedron the Tortoise (Hill Orc Berserker)           Turns: 18078, Time: 00:37:51

Health: 0/132      AC: 31    Str: 23    XL:     14   Next: 40%
Magic:  23/23      EV:  9    Int:  7    God:    Trog [*****.]
Gold:   793        SH:  0    Dex: 12    Spells: 13/13 levels left

rFire   . . .        D - +5 battleaxe (heavy)
rCold   . . .        (shield currently unavailable)
rNeg    . . .        O - +3 plate armour "Yddiwo Suezo" {MP+9}
rPois   +            t - +1 helmet
rElec   .            K - +1 cloak "Jashisao" {Will+ SInv}
rCorr   .            (no gloves)
SInv    +            J - +1 pair of boots
Will    ++...        (no amulet) Stlth
                     v - ring of poison resistance
HPRegen 0.42/turn    p - ring of flight
MPRegen 0.18/turn

%: no passive effects
@: flying
A: no striking features
a: Renounce Religion, Berserk, Trog's Hand, Brothers in Arms


You were on level 3 of the Lair of Beasts.
You worshipped Trog.
Trog was extremely pleased with you.
You visited 2 branches of the dungeon, and saw 16 of its levels.

You collected 1134 gold pieces.
You spent 341 gold pieces at shops.

Inventory:

Hand Weapons
 s - a +2 war axe of freezing
 u - a +2 shortbow of electrocution
 y - a +2 whip of draining
 D - a +5 heavy battleaxe (weapon)
 Q - a +2 antimagic executioner's axe
Missiles
 d - 211 stones (quivered)
 j - 15 poisoned darts
 z - 2 throwing nets
 I - 3 boomerangs
Armour
 i - +0 ice dragon scales
 t - a +1 helmet (worn)
 x - a +0 buckler
 J - a +1 pair of boots (worn)
 K - the +1 cloak "Jashisao" (worn) {Will+ SInv}
   (You bought it in a shop on level 5 of the Dungeon)

   SInv:      It lets you see invisible.
   Will:      It increases your willpower.
 O - the +3 plate armour "Yddiwo Suezo" (worn) {MP+9}
   (You found it on level 11 of the Dungeon)

   MP:        It affects your magic capacity (+9).
Jewellery
 p - a ring of flight (right hand)
 v - a ring of poison resistance (left hand)
 P - an amulet of faith
Wands
 o - a wand of light (6)
 E - a wand of flame (23)
 F - a wand of paralysis (6)
Scrolls
 a - 6 scrolls of blinking
 f - 4 scrolls of noise
 g - 2 scrolls of fear
 B - a scroll of identify
 G - 7 scrolls of teleportation
 H - a scroll of poison
 L - 3 scrolls of magic mapping
 M - a scroll of brand weapon
Potions
 b - 3 potions of mutation
 c - a potion of haste
 e - 4 potions of lignification
 h - 2 potions of attraction {unknown}
 k - 3 potions of magic
 l - 6 potions of berserk rage
 m - 2 potions of heal wounds
 n - 3 potions of resistance {unknown}
 q - 3 potions of might {unknown}
 r - 3 potions of cancellation
 w - 2 potions of flight {unknown}
 A - 3 potions of curing {unknown}
 C - a potion of invisibility {unknown}
 N - a potion of brilliance {unknown}
 R - a potion of ambrosia {unknown}


   Skills:
 - Level 14.0 Fighting
 + Level 18.8 Axes
 - Level 20.5 Armour
 - Level 1.5 Dodging


You had 13 spell levels left.
You didn't know any spells.
Your spell library was empty.

Dungeon Overview and Level Annotations

Branches:
Dungeon (11/15)            Temple (0/1) D:6            Lair (5/5) D:8
 Shoals (0/4) Lair:3       Spider (0/4) Lair:2          Orc (0/2) D:9
  Slime: Lair:4-5

Altars:
Elyvilon
Makhleb
Qazlal
Ru
Sif Muna
Trog
Vehumet
Wu Jian
Yredelemnul
Beogh

Shops:
D:5 [

Portals:
Hell: Lair:5

Annotations:
D:6 3 runed translucent doors, Andromeda's ghost, novice MiFi
D:8 2 transporters
D:9 1 runed translucent door, diceflayer's ghost, novice MiFi
Lair:4 exclusion: 4 oklob plants


Message History

You are electrocuted!!
You slice Deesahac's ghost!!
You destroy Deesahac's ghost!
Trog accepts your kill.
You hit the komodo dragon simulacrum but do no damage.
The komodo dragon simulacrum bites you!
* * * LOW HITPOINT WARNING * * *
The komodo dragon simulacrum freezes you!
* * * LOW HITPOINT WARNING * * *
You feel much better.
The komodo dragon simulacrum bites you but does no damage.
The skyshark simulacrum closely misses you.
The skyshark simulacrum tail-slaps you but does no damage. x2
You slice the komodo dragon simulacrum!!
The komodo dragon simulacrum vaporises!
Trog accepts your kill.
You slice the skyshark simulacrum!!
The skyshark simulacrum bites you but does no damage.
The skyshark simulacrum tail-slaps you but does no damage.
The skyshark simulacrum barely misses you.
You slice the skyshark simulacrum!!
The skyshark simulacrum vaporises!
Trog accepts your kill.
You slice the elephant simulacrum!!
The elephant simulacrum vaporises!
Trog accepts your kill.
There is an open translucent gate here.
B - a scroll of identify You cut the cane toad simulacrum into ribbons!!!
The cane toad simulacrum vaporises!
Trog accepts your kill.
You carve the blink frog simulacrum like a ham!!!
The blink frog simulacrum vaporises!
Trog accepts your kill.
You slice the death yak simulacrum!!
The death yak simulacrum is severely damaged.
The death yak simulacrum gores you!
* * * LOW HITPOINT WARNING * * *
The death yak simulacrum freezes you!!!
You die...

....#..##.......##..# #........#.
>...#..#.........##.####.........
......##..........#..##.....#....
......#...####....##........##...
.....##..##[?###...#.........#...
.....#..##[..).##..#.............
.....#..#...=...#..#.............
.....#..##...[.Z#..##............
.....##kk###....@...#........#...
#.....#.=..........##........##..
##.#..##...####..###.......#.#...
.#.##..#####..####...#)...######.
#..##..............#.###### ##
<#.##..............### #
...##...#.##.....###
...#....#######..## ...##...##
###.#.#


You could see a death yak simulacrum.

Vanquished Creatures
  The ghost of Deesahac the Severer, a journeyman BaFi of Cheibriados (Lair:3)
  Erolcha (D:9)
  A hydra (Lair:3)
  2 catoblepae
  2 two-headed ogres
  A skyshark (Lair:5)
  A lindwurm (Lair:3)
  A wizard (Lair:5)
  A deep elf pyromancer (D:10)
  A cyclops (D:8)
  A manticore (D:11)
  7 black mambas
  15 elephants
  A water nymph (Lair:3)
  A torpor snail (Lair:4)
  2 orange demons (Lair:5)
  Maggie (Lair:1)
  7 cane toads
  11 komodo dragons
  2 kobold demonologists (D:11)
  7 rime drakes
  A red devil (Lair:5)
  A hellwing (Lair:5)
  2 trolls
  14 blink frogs
  Grinder (D:5)
  8 hornets
  6 dream sheep (Lair:3)
  7 wyverns
  A shadow (D:11)
  A wraith (D:9)
  4 basilisks
  25 yaks
  3 steam dragons
  17 water moccasins
  3 hell hounds (Lair:5)
  2 ice beasts
  A sky beast (D:4)
  3 orc warriors
  A black bear (D:4)
  An ogre (D:4)
  5 centaurs
  27 wolves
  Blork the orc (D:5)
  6 bullfrogs
  4 scorpions
  A gnoll sergeant (D:5)
  A skyshark simulacrum (Lair:3)
  A cane toad simulacrum (Lair:3)
  17 wights
  A blink frog simulacrum (Lair:3)
  9 killer bees
  An elephant simulacrum (Lair:3)
  8 howler monkeys
  A rime drake simulacrum (Lair:3)
  5 hounds
  A jelly (D:6)
  A komodo dragon simulacrum (Lair:3)
  5 orc priests
  A sleepcap (D:5)
  4 iguanas
  10 orc wizards
  Robin (D:3)
  7 gnolls
  5 adders
  2 shadow imps
  2 white imps
  2 dart slugs (D:4)
  23 orcs
  7 endoplasms
  2 giant cockroaches
  14 goblins
  8 hobgoblins
  6 jackals
  3 quokkas
  13 ball pythons
  2 frilled lizards
  12 kobolds
  5 rats
393 creatures vanquished.

Vanquished Creatures (collateral kills)
  2 hydras
  Sonja (D:11)
  A sixfirhy (Lair:5)
  2 orange demons (Lair:5)
  An ice devil (Lair:5)
  A wyvern (Lair:5)
  A water moccasin (Lair:5)
9 creatures vanquished.

Vanquished Creatures (others)
  54 fungi
  63 plants
117 creatures vanquished.

Grand Total: 519 creatures vanquished

Notes
Turn   | Place    | Note
-------+----------+-------------------------------------------
     0 | D:1      | Hedron the Hill Orc Berserker began the quest for the Orb.
     0 | D:1      | Reached XP level 1. HP: 19/19 MP: 1/1
   412 | D:1      | Reached XP level 2. HP: 16/26 MP: 2/2
   694 | D:1      | Reached skill level 5 in Axes
  1368 | D:2      | Reached XP level 3. HP: 26/31 MP: 3/3
  1830 | D:2      | Reached XP level 4. HP: 27/39 MP: 4/4
  2189 | D:2      | Reached ** piety under Trog
  2967 | D:3      | Found a bloodstained altar of Trog.
  2970 | D:3      | Found a stormy altar of Qazlal.
  3057 | D:3      | Noticed Robin
  3067 | D:3      | Killed Robin
  3070 | D:3      | Found a basalt altar of Yredelemnul.
  3300 | D:4      | Reached XP level 5. HP: 45/45 MP: 5/5
  3336 | D:4      | Noticed an ogre
  3344 | D:4      | Killed an ogre
  3345 | D:4      | Reached XP level 6. HP: 51/51 MP: 6/6
  3561 | D:4      | Noticed a sky beast
  3577 | D:4      | Killed a sky beast
  3862 | D:4      | Reached skill level 10 in Axes
  4000 | D:4      | Noticed a black bear
  4003 | D:4      | Killed a black bear
  4004 | D:4      | Reached XP level 7. HP: 57/57 MP: 7/7
  4118 | D:5      | Entered Level 5 of the Dungeon
  4169 | D:5      | Found a shimmering blue altar of Sif Muna.
  4171 | D:5      | Found a white marble altar of Elyvilon.
  4378 | D:5      | Found an ornate altar of the Wu Jian Council.
  4452 | D:5      | Noticed Blork the orc
  4466 | D:5      | Killed Blork the orc
  4467 | D:5      | Reached XP level 8. HP: 55/64 MP: 8/8
  4730 | D:5      | Noticed Grinder
  4742 | D:5      | Killed Grinder
  4894 | D:5      | Found Xecwidur's Armour Emporium.
  5313 | D:6      | Found a runed translucent gate.
  5314 | D:6      | Found a runed translucent gate.
  5315 | D:6      | Found a runed translucent gate.
  5316 | D:6      | Noticed Andromeda's ghost (novice MiFi)
  5409 | D:6      | Reached XP level 9. HP: 70/70 MP: 9/9
  5644 | D:6      | Found a staircase to the Ecumenical Temple.
  5893 | D:6      | Reached skill level 15 in Axes
  6206 | D:7      | Reached *** piety under Trog
  6306 | D:7      | Reached skill level 3 in Armour
  6675 | D:7      | Reached skill level 4 in Armour
  6684 | D:7      | Reached skill level 5 in Armour
  6910 | D:8      | Noticed a two-headed ogre
  6914 | D:8      | Killed a two-headed ogre
  6915 | D:8      | Reached skill level 7 in Armour
  6915 | D:8      | Reached XP level 10. HP: 77/77 MP: 10/10
  7116 | D:8      | Reached skill level 8 in Armour
  7267 | D:8      | Reached skill level 9 in Armour
  7501 | D:8      | Found a staircase to the Lair.
  7572 | D:8      | Found a roughly hewn altar of Beogh.
  7572 | D:8      | Found a transporter.
  7580 | D:8      | Found a radiant altar of Vehumet.
  7606 | D:8      | Found a sacrificial altar of Ru.
  7766 | D:8      | Noticed a cyclops
  7776 | D:8      | Killed a cyclops
  7777 | D:8      | Reached skill level 10 in Armour
  7858 | D:8      | Found a transporter.
  7967 | Lair:1   | Entered Level 1 of the Lair of Beasts
  8126 | Lair:1   | Noticed Maggie
  8137 | Lair:1   | Killed Maggie
  8138 | Lair:1   | Reached skill level 11 in Armour
  8185 | Lair:1   | Reached skill level 5 in Fighting
  8327 | Lair:1   | Noticed a cane toad
  8331 | Lair:1   | Killed a cane toad
  8332 | Lair:1   | Reached XP level 11. HP: 59/91 MP: 11/11
  9385 | Lair:1   | Identified a scroll of acquirement
  9385 | Lair:1   | Acquired a manual of Armour
  9461 | D:5      | Bought the +1 cloak "Jashisao" {Will+ SInv} for 341 gold
                  | pieces
  9692 | Lair:2   | Reached skill level 10 in Fighting
  9853 | Lair:2   | Found a hole to the Spider Nest.
 10536 | Lair:3   | Noticed a five-headed hydra
 10552 | Lair:3   | Killed a five-headed hydra
 10574 | Lair:3   | Reached **** piety under Trog
 10664 | Lair:3   | Reached XP level 12. HP: 111/115 MP: 12/12
 10720 | Lair:3   | Found a runed translucent gate.
 10720 | Lair:3   | Found a runed translucent gate.
 10985 | Lair:3   | Noticed Deesahac's ghost (journeyman BaFi)
 11033 | Lair:3   | Found a runed translucent gate.
 11283 | Lair:3   | Reached skill level 12 in Armour
 11407 | Lair:3   | Reached skill level 13 in Armour
 11685 | Lair:4   | Noticed a catoblepas
 11719 | Lair:3   | Reached skill level 14 in Armour
 12031 | Lair:3   | Killed a catoblepas
 12032 | Lair:3   | Reached skill level 15 in Armour
 12374 | Lair:4   | Reached skill level 16 in Armour
 12764 | Lair:4   | Reached skill level 17 in Armour
 13326 | Lair:5   | Entered Level 5 of the Lair of Beasts
 13336 | Lair:4   | Reached XP level 13. HP: 124/124 MP: 13/13
 13583 | Lair:5   | Reached skill level 18 in Armour
 13909 | Lair:5   | Reached skill level 19 in Armour
 13921 | Lair:5   | Reached ***** piety under Trog
 14999 | Lair:5   | Reached skill level 20 in Armour
 15116 | Lair:5   | Received a gift from Trog
 15523 | Lair:5   | Found a burning altar of Makhleb.
 15567 | Lair:5   | Reached XP level 14. HP: 63/132 MP: 14/14
 15799 | Lair:5   | Found a gateway to Hell.
 16284 | D:9      | Found a staircase to the Orcish Mines.
 16506 | D:9      | Found a runed translucent door.
 16506 | D:9      | Noticed diceflayer's ghost (novice MiFi)
 16508 | D:9      | Noticed Erolcha
 16515 | D:9      | Killed Erolcha
 16979 | D:10     | Entered Level 10 of the Dungeon
 17564 | D:11     | Noticed Sonja
 17567 | D:11     | Killed Sonja
 17587 | D:11     | Identified the +3 plate armour "Yddiwo Suezo" {MP+9}
 18048 | Lair:3   | Killed Deesahac's ghost
 18078 | Lair:3   | Slain by a death yak simulacrum

Illustrated notes

Levels and vault maps discovered:
D:1:      dpeg_arrival_morbid_curiosity, layout_basic
D:2:      layout_loops_corners
D:3:      layout_basic, lemuel_coloured_pillars_altar,
          nicolae_overflow_hidden_temple, uniq_robin
D:4:      layout_loops_ring, minivault_26, serial_bayou_lake_a
D:5:      layout_rooms, mainiacjoe_overflow_chevrons, nicolae_overflow_squiral,
          serial_shops, shop, uniq_grinder, uniq_blork_the_orc
D:6:      layout_loops_ring, minmay_temple_entry_drinking_statues,
          gammafunk_ghost_split
D:7:      layout_gridville
D:8:      gammafunk_beogh_shrine, layout_loops_cross, nicolae_ru_path_of_blood,
          mainiacjoe_overflow_boulevard, grunt_lair_entry_orc_guard_hut,
          nicolae_ossuary_entry_monument, kennysheep_decorative_pillar
D:9:      layout_roguey, orc_0_dummy, hellmonk_ghost_big_iron, uniq_erolcha
D:10:     layout_cave_pools, corexii_corridor_pit
D:11:     minmay_tri_box, layout_rooms, led_xom_imps, uniq_sonja
Lair:1:   layout_cave_pods, dreamdust_wasp_nest, infiniplex_staircase_pool,
          lemuel_fruit_tree, uniq_maggie
Lair:2:   layout_loops_ring, dummy_spider_entry, grunt_megastairs_5
Lair:3:   layout_gridlike, nicolae_shoals_entry_flooding, gammafunk_ghost_icy
Lair:4:   layout_long_grid, minmay_slime_entry_oklob_open
Lair:5:   evil_forest, layout_cave_pods

Skill      XL: |  1  2  3  4  5  6  7  8  9 10 11 12 13 14 |
---------------+-------------------------------------------+-----
Axes           | 5 6 7 8 10 12 14 16 18 | 18.8
Armour         | 7 11 17 20 | 20.5
Fighting       | 6 13 14 | 14.0
Dodging        | |  1.5

Action                     |  1- 3 |  4- 6 |  7- 9 | 10-12 | 13-15 || total
---------------------------+-------+-------+-------+-------+-------++-------
  Melee: Hand axe          |   110 |       |       |       |       ||   110
         War axe           |       |   110 |   218 |   482 |   182 ||   992
         Punch             |       |     2 |     2 |     6 |     5 ||    15
         Whip              |       |       |       |     8 |       ||     8
         Battleaxe         |       |       |       |       |   159 ||   159
         Executioner's axe |       |       |       |       |    68 ||    68
   Fire: Shortbow          |       |       |    11 |    14 |       ||    25
  Throw: Stone             |     4 |       |       |       |       ||     4
 Invoke: Berserk           |     1 |     4 |     8 |     3 |     2 ||    18
         Trog's Hand       |       |       |     1 |     3 |     1 ||     5
         Brothers in Arms  |       |       |       |       |     4 ||     4
  Evoke: Wand              |       |       |       |     2 |       ||     2
    Use: Scroll            |     3 |     8 |     2 |    10 |     6 ||    29
         Potion            |       |       |       |       |     5 ||     5
   Stab: Sleeping          |     1 |       |       |       |       ||     1
         Paralysed         |       |       |       |    13 |       ||    13
         Distracted        |       |       |       |       |     1 ||     1
 Armour: Animal skin       |    14 |     4 |       |       |       ||    18
         Scale mail        |       |    48 |    54 |       |       ||   102
         Leather armour    |       |     2 |       |       |       ||     2
         Plate armour      |       |       |    25 |   282 |   334 ||   641
  Dodge: Dodged            |    72 |    50 |    65 |   128 |   178 ||   493
